 Dungeon Crawl Stone Soup version 0.30-a0-310-g7d6cbdfea6 (webtiles) character file.

Game seed: 15531396839542152488

2 billz999 the Sneak (level 1, 0/13 HPs)
             Began as a Vampire Earth Elementalist on Oct 24, 2022.
             Slain by a jackal (2 damage)
             ... on level 1 of the Dungeon.
             The game lasted 00:00:50 (205 turns).

billz999 the Sneak (Vampire Earth Elementalist)      Turns: 205, Time: 00:00:51

Health: 0/13       AC:  2    Str:  7    XL:     1   Next: 25%
Magic:  0/3        EV: 12    Int: 17    God:
Gold:   0          SH:  0    Dex: 14    Spells: 3/4 levels left

rFire   . . .      SeeInvis +    (no weapon)
rCold   . . .      Faith    .    (no shield)
rNeg    . . .      Spirit   .    a - +0 robe
rPois   .          Reflect  .    (no helmet)
rElec   .          Harm     .    (no cloak)
rCorr   .          Rampage  .    (no gloves)
Will    .....                    (no boots)
Stlth   ++........               (no amulet)
HPRegen 0.42/turn                (no ring)
MPRegen 0.08/turn                (no ring)

@: healing quickly
A: alive, fangs 3, see invisible, vampiric 1
a: Exsanguinate


You were on level 1 of the Dungeon.
You visited 1 branch of the dungeon, and saw 2 of its levels.

Inventory:

Armour
 a - a +0 robe (worn)
Potions
 b - a potion of magic


   Skills:
 - Level 2.1 Dodging
 + Level 3.1 Stealth
 - Level 2.0 Spellcasting
 * Level 1.3 Transmutations
 - Level 3.0 Earth Magic


You had 3 spell levels left.
You knew the following spells:

 Your Spells              Type           Power      Damage    Failure   Level
a - Sandblast             Erth           22%        2d7       5%          1

Your spell library contained the following spells:

 Spells                   Type           Power      Damage    Failure   Level
 Passwall                 Tmut/Erth      7%         N/A       12%         2
 Stone Arrow              Conj/Erth      12%        3d7       30%         3
 Petrify                  Tmut/Erth      9%         N/A       61%         4


Dungeon Overview and Level Annotations

Branches:
Dungeon (2/15)

Altars:


Innate Abilities, Weirdness & Mutations

Your natural rate of healing is accelerated.
You have razor-sharp teeth.
You have supernaturally acute eyesight. (SInv)
You are afflicted with vampirism.


Message History

Casting: Sandblast (safe; 5% risk of failure)
Confirm with . or Enter, or press ? or * to list all spells.
Aiming: Sandblast (safe; 5% risk of failure)
Press: ? - help, Shift-Dir - straight line, f/p - bat
Aim: a bat (73% to hit)
The blast of sand hits the bat.
You kill the bat!
The jackal completely misses you. The jackal misses you.
You hit the jackal but do no damage.
The jackal is severely wounded.
The jackal bites you but does no damage.
You hit the jackal but do no damage.
The jackal is severely wounded.
The jackal bites you but does no damage.
The jackal bites you.
You closely miss the jackal.
The jackal is severely wounded.
The jackal closely misses you.
You barely miss the jackal.
The jackal is severely wounded.
The jackal bites you but does no damage.
The jackal bites you.
You closely miss the jackal.
The jackal is heavily wounded.
The jackal bites you.
You closely miss the jackal.
The jackal is heavily wounded.
The jackal bites you but does no damage.
You closely miss the jackal.
The jackal is heavily wounded.
The jackal barely misses you. The jackal closely misses you.
You closely miss the jackal.
The jackal is heavily wounded.
The jackal bites you.
You hit the jackal.
The jackal is severely wounded.
The jackal bites you.
* * * LOW HITPOINT WARNING * * *
The jackal bites you.
You die...

#############
######.....<.....######
#####.....................#####
##............#...#............##
......#...#...#...#...#...#......
......#...#...#.@.#...#...#......
..#...#...#...#.h.#...#...#...#..
..#...#...##.###'###.##...#...#..
..#...#...####.P.P.####...#...#..
..#...#...##P.P......##...#...#..
≈≈#≈§§#≈≈§#PP.........#≈≈≈#≈≈≈#≈≈
≈≈#≈≈≈#≈≈≈#PPP.P8PP.P.#≈≈≈#≈≈≈#≈≈
≈§#≈≈≈#≈≈≈#.......P...#≈≈≈#≈≈≈#≈≈
§§#≈≈≈#≈≈≈##..PPP...P##≈≈≈#≈≈≈#≈≈


You could see a jackal.

Vanquished Creatures
  2 bats
2 creatures vanquished.

Vanquished Creatures (others)
  A fungus (D:1)
1 creature vanquished.

Grand Total: 3 creatures vanquished

Notes
Turn   | Place    | Note
-------+----------+-------------------------------------------
     0 | D:1      | billz999 the Vampire Earth Elementalist began the quest for
                  | the Orb.
     0 | D:1      | Reached XP level 1. HP: 13/13 MP: 3/3
   205 | D:1      | Slain by a jackal

Illustrated notes

Levels and vault maps discovered:
D:1:      dpeg_arrival_water_fire, layout_loops_ring,
          kennysheep_decorative_pillar
D:2:      layout_basic, shapermc_ecumenical_altar_venn, minmay_rat_gold_closets

Action                   || total
-------------------------++-------
Melee: Unarmed           ||    15
 Cast: Sandblast         ||     3
Armor: Robe              ||    10
Dodge: Dodged            ||    15

Table legend: (Time is in decaauts)
 A = Elapsed time spent in this place.
 B = Non-inter-level travel time spent in this place.
 C = Inter-level travel time spent in this place.
 D = Time resting spent in this place.
 E = Time spent auto-exploring this place.
 F = Levels seen in this place.
 G = Mean time per level.
                   A        B        C        D        E       F      G
               +--------+--------+--------+--------+--------+-----+--------+
         Total |    206 |    192 |     14 |      0 |    170 |   2 |  103.0 |
       Dungeon |    206 |    192 |     14 |      0 |    170 |   2 |  103.0 |
               +--------+--------+--------+--------+--------+-----+--------+

Top non-repeatable levels by time:
     D:1: 202 daAuts
     D:2: 4 daAuts
